 Seeded DCSS version 0.30.0-15-g856e2d3f33 (webtiles) character file.

Game seed: 12735965570273765983 (custom seed)

15869 Pimp the Covert (level 12, -15/63 HPs)
             Began as a Spriggan Hunter on May 19, 2023.
             Was the Champion of Okawaru.
             Collided with a rock wall (20 damage)
             ... caused by a rakshasa
             ... on level 13 of the Dungeon.
             The game lasted 00:31:24 (12925 turns).

Pimp the Covert (Spriggan Hunter)                  Turns: 12925, Time: 00:31:25

Health: -15/63     AC: 10    Str:  7    XL:     12   Next: 5%
Magic:  0/26       EV: 29    Int: 16    God:    Okawaru [******]
Gold:   535        SH:  5    Dex: 28    Spells: 30/30 levels left

rFire   . . .        T - +0 hand crossbow (flame)
rCold   . . .        O - +0 buckler of Icaitopu {+Blink Dex+5}
rNeg    + . .        C - +5 steam dragon scales
rPois   .            S - +0 hat {Will+}
rElec   .            (no cloak)
rCorr   .            (gloves unavailable)
SInv    +            (boots unavailable)
Will    +++..        G - amulet of Yrazoxe {Spirit *Slow rN+ Int+5 Stlth+}
Stlth   +++++++      (no ring)
HPRegen 0.30/turn    (no ring)
MPRegen 0.20/turn

%: slow self (1%), guardian spirit
@: studying Necromancy, very quick
A: very small, no large weapons, unfitting armour, see invisible, speed 3
a: Renounce Religion, Evoke Blink, Heroism, Finesse, Duel


You were on level 13 of the Dungeon.
You worshipped Okawaru.
Okawaru was exalted by your worship.
You visited 2 branches of the dungeon, and saw 14 of its levels.

You collected 679 gold pieces.
You spent 144 gold pieces at shops.

Inventory:

Hand Weapons
 a - a +1 shortbow of draining
 m - a +1 vampiric dagger
 p - a +1 long sword of flaming
 r - a +4 dagger of speed
 B - the +2 scimitar of Qeapla {drain, Drain rF++ Str+3 Stlth+}
   (You found it on level 5 of the Dungeon)

   Str:       It affects your strength (+3).
   rF:        It greatly protects you from fire.
   Drain:     It drains your maximum health when unequipped.
   Stlth:     It makes you more stealthy.
 E - a +2 dagger of venom
 F - the +7 staff of the Meek {protect, meekguard}
   (You found it on level 8 of the Dungeon)
 T - a +0 hand crossbow of flaming (weapon)
Missiles
 y - a throwing net
Armour
 C - +5 steam dragon scales (worn)
 O - the +0 buckler of Icaitopu (worn) {+Blink Dex+5}
   (Okawaru gifted it to you on level 10 of the Dungeon)

   Dex:       It affects your dexterity (+5).
   +Blink:    It lets you blink.
 S - a +0 hat of willpower (worn)
Magical Staves
 x - a staff of conjuration
Jewellery
 d - the amulet "Ymamuackoo" {RegenMP rCorr Stlth+}
   (You acquired it on level 1 of the Dungeon)

   [amulet of magic regeneration]

   It increases your rate of magic regeneration.
   rCorr:     It protects you from acid and corrosion.
   Stlth:     It makes you more stealthy.
 s - a ring of positive energy
 G - the amulet of Yrazoxe (around neck) {Spirit *Slow rN+ Int+5 Stlth+}
   (You found it on level 9 of the Dungeon)

   [amulet of guardian spirit]

   It causes incoming damage to be divided between your reserves of health and
   magic.
   Int:       It affects your intelligence (+5).
   rN:        It protects you from negative energy.
   *Slow:     It may slow you when you take damage.
   Stlth:     It makes you more stealthy.
 H - a ring of wizardry
 I - an amulet of magic regeneration
 L - an amulet of reflection
Wands
 t - a wand of digging (1)
 v - a wand of paralysis (20)
 w - a wand of iceblast (21)
 D - a wand of flame (29)
 N - a wand of polymorph (6)
Scrolls
 b - 3 scrolls of immolation
 h - a scroll of blinking
 i - 6 scrolls of teleportation
 k - 3 scrolls of vulnerability
 P - a scroll of fog
 Q - a scroll of enchant weapon
Potions
 e - 3 potions of heal wounds
 g - 2 potions of haste
 j - 2 potions of invisibility {unknown}
 l - a potion of magic {unknown}
 n - 2 potions of mutation {unknown}
 o - 8 potions of curing
 q - 4 potions of might {unknown}
 u - a potion of berserk rage
 z - 3 potions of lignification {unknown}
 A - 5 potions of brilliance
 J - a potion of flight {unknown}
 K - 3 potions of attraction
Miscellaneous
 R - a piece from Xom's chessboard (15/15)


   Skills:
 + Level 7.0 Fighting
 + Level 9.2 Ranged Weapons
 + Level 10.9 Dodging
 + Level 12.7 Stealth
 + Level 9.6 Spellcasting
 + Level 10.4 Necromancy


You had 30 spell levels left.
You didn't know any spells.
Your spell library contained the following spells:

 Spells                   Type           Power      Damage    Failure   Level
 Sublimation of Blood     Necr           41%        N/A       1%          2
 Vampiric Draining        Necr           41%        2d8       1%          3
 Slow                     Hex            28%        N/A       16%         1
 Lesser Beckoning         Tloc           14%        N/A       24%         2
 Wereblood                Tmut           7%         N/A       24%         2
 Confusing Touch          Hex            7%         N/A       43%         3
 Dazzling Flash           Conj/Hex       14%        N/A       43%         3
 Gell's Gravitas          Tloc           7%         N/A       43%         3
 Teleport Other           Tloc           7%         N/A       43%         3
 Volatile Blastmotes      Fire/Tloc      14%        2d11      43%         3
 Iskenderun's Mystic Bla  Conj/Tloc      7%         2d4       85%         4
 Passage of Golubria      Tloc           7%         N/A       85%         4
 Fireball                 Conj/Fire      3%         3d4       99%         5
 Freezing Cloud           Conj/Ice/Air   3%         6-21      99%         5
 Iskenderun's Battlesphe  Conj           7%         2d6       99%         5
 Silence                  Hex/Air        3%         N/A       99%         5
 Conjure Ball Lightning   Conj/Air       3%         3x3d6     100%        6
 Starburst                Conj/Fire      3%         6d3       100%        6
 Orb of Destruction       Conj           3%         9d5       100%        7
 Lehudib's Crystal Spear  Conj/Erth      3%         10d3      100%        8
 Chain Lightning          Conj/Air       3%         3d4       100%        9
 Fire Storm               Conj/Fire      3%         8d1       100%        9
 Polar Vortex             Ice            3%         N/A       100%        9
 Shatter                  Erth           3%         3d7*      100%        9
 Summon Small Mammal      Summ           Unusable   N/A       N/A         1
 Call Canine Familiar     Summ           Unusable   N/A       N/A         3
 Summon Guardian Golem    Hex/Summ       Unusable   N/A       N/A         3
 Simulacrum               Ice/Necr       Unusable   N/A       N/A         6
 Summon Hydra             Summ           Unusable   N/A       N/A         7

Dungeon Overview and Level Annotations

Branches:
Dungeon (13/15)            Temple (1/1) D:5            Lair (0/5) D:11
    Orc (0/2) D:9
 Vaults: D:13-14

Altars:
Dithmenos
Elyvilon
Fedhas
Gozag
Hepliaklqana
Kikubaaqudgha
Nemelex Xobeh
Okawaru
Qazlal
Ru
Sif Muna
Uskayaw
Vehumet
Wu Jian
Xom
Yredelemnul
The Shining One

Shops:
D:11 *   D:12 *

Portals:
Trove: D:11 (give +6 demon whip)

Annotations:
D:5 2 transporters, Persephone's ghost, amateur MiHu
D:11 Nergalle


Innate Abilities, Weirdness & Mutations

You are very small and have problems with some larger weapons.
You are too small for most types of armour.
You have supernaturally acute eyesight. (SInv)
You cover ground extremely quickly. (Speed+++)


Message History

You miss the rakshasa.
The rakshasa is heavily wounded.
You barely miss the rakshasa.
The rakshasa is heavily wounded.
The rakshasa gestures at you. The lance of force hits you!
You are knocked back by the lance of force.
You slam into the rock wall!
Your +0 hand crossbow of flaming bursts into flame!
T - a +0 hand crossbow of flaming (weapon)
Blink to where?
Press: ? - help, Dir - move target, p - rakshasa
As you read the scroll of blinking, it crumbles to dust.
You start resting.
A rakshasa is nearby!
You are too injured to fight recklessly!
Fire: T) +0 hand crossbow (flame)
Press: ? - help, Q - select action, (/) - cycle Shift-Dir - straight line, f - rakshasa
Aim: a rakshasa, wielding a +0 long sword and wearing a +0 robe (heavily wounded, 63% to hit)
You shoot a bolt. The bolt hits the rakshasa!!
The bolt burns the rakshasa!
You kill the rakshasa!
The rakshasa shimmers and vanishes!
Fire: T) +0 hand crossbow (flame)
Press: ? - help, Q - select action, (/) - cycle Shift-Dir - straight line, f - rakshasa
Aim: a rakshasa, wielding a +0 long sword and wearing a +0 robe (severely wounded, 63% to hit)
You shoot a bolt.
The bolt hits the rakshasa but does no damage.
The rakshasa is severely wounded.
Fire: T) +0 hand crossbow (flame)
Press: ? - help, Q - select action, (/) - cycle Shift-Dir - straight line, f/p - rakshasa
Aim: a rakshasa, wielding a +0 long sword and wearing a +0 robe (severely wounded, 63% to hit)
You shoot a bolt.
The bolt hits the rakshasa but does no damage.
The rakshasa is severely wounded.
The rakshasa gestures at you. The lance of force hits you!!
* * * LOW HITPOINT WARNING * * *
You are knocked back by the lance of force.
You slam into the rock wall!
You die...

# ####R..#####
#.##.....ยง....#
#.....#######.#
#..#.#...# #.
#.#.#.# #.
#.#.#.# ..
#.#<#[# .#
#R###.# #....@#
........#####
.........
........##
..####### .


You could see a rakshasa.

Vanquished Creatures
  A hydra (D:12)
  2 two-headed ogres (D:10)
  2 boulder beetles (D:11)
  An ugly thing (D:12)
  A manticore (D:12)
  A cyclops (D:9)
  Maggie (D:7)
  2 unseen horrors
  4 trolls
  A hornet (D:7)
  8 slime creatures
  2 shadows
  A vampire (D:11)
  Eustachio (D:6)
  5 wyverns
  8 yaks
  3 vampire mosquitoes (D:12)
  Edmund (D:6)
  5 water moccasins
  3 acid dragons
  12 orc warriors
  An ice beast (D:7)
  A sky beast (D:7)
  5 black bears
  A wolf (D:11)
  A phantom (D:5)
  A kobold brigand (D:10)
  4 bullfrogs
  2 gnoll sergeants (D:9)
  5 scorpions
  7 wights
  9 killer bees
  2 howler monkeys
  A jelly (D:6)
  12 orc priests
  5 hounds
  A gnoll bouda (D:5)
  4 sleepcaps
  Jessica (D:3)
  Terence (D:2)
  An iguana (D:6)
  12 orc wizards
  7 adders
  17 gnolls
  A shadow imp (D:7)
  A white imp (D:6)
  2 ufetubi (D:6)
  2 worms
  A dart slug (D:3)
  59 orcs
  8 ball pythons
  7 bats
  4 endoplasms
  2 giant cockroaches
  8 goblins
  6 hobgoblins
  7 jackals
  11 kobolds
  7 quokkas
  4 frilled lizards
  5 rats
301 creatures vanquished.

Notes
Turn   | Place    | Note
-------+----------+-------------------------------------------
     0 | D:1      | Pimp the Spriggan Hunter began the quest for the Orb.
     0 | D:1      | Reached XP level 1. HP: 10/10 MP: 2/2
    59 | D:1      | Reached skill level 2 in Stealth
    85 | D:1      | Reached XP level 2. HP: 9/15 MP: 3/3
   562 | D:1      | Reached XP level 3. HP: 18/18 MP: 4/4
   632 | D:1      | Identified 2 scrolls of acquirement
   632 | D:1      | Acquired a manual of Necromancy
   633 | D:1      | Acquired the amulet "Ymamuackoo" {RegenMP rCorr Stlth+}
   669 | D:2      | Found a stormy altar of Qazlal.
   681 | D:2      | Noticed Terence
   778 | D:2      | Killed Terence
   779 | D:2      | Reached skill level 3 in Stealth
   779 | D:2      | Reached skill level 1 in Spellcasting
   779 | D:2      | Reached XP level 4. HP: 21/23 MP: 4/6
   914 | D:2      | Reached skill level 1 in Necromancy
  1483 | D:3      | Noticed Jessica
  1485 | D:3      | Killed Jessica
  1638 | D:3      | Reached XP level 5. HP: 27/27 MP: 8/8
  2238 | D:4      | Found a basalt altar of Yredelemnul.
  2338 | D:4      | Found a radiant altar of Vehumet.
  2399 | D:4      | Found a blossoming altar of Fedhas.
  2420 | D:4      | Found a shadowy altar of Dithmenos.
  2705 | D:4      | Found a hazy altar of Hepliaklqana.
  2780 | D:5      | Entered Level 5 of the Dungeon
  2871 | D:5      | Reached skill level 4 in Stealth
  2975 | D:5      | Found an ornate altar of the Wu Jian Council.
  3010 | D:5      | Found a hide-covered altar of Uskayaw.
  3045 | D:5      | Reached XP level 6. HP: 32/32 MP: 10/10
  3155 | D:5      | Reached skill level 5 in Ranged Weapons
  3280 | D:5      | Identified the +2 scimitar of Qeapla {drain, Drain rF++
                  | Str+3 Stlth+}
  3307 | D:5      | Noticed Persephone's ghost (amateur MiHu)
  3317 | D:5      | Found a transporter.
  3317 | D:5      | Found a transporter.
  3317 | D:5      | Identified the +6 great mace "Zabrocita" {flame, rPois rF-
                  | Str+3}
  3403 | D:5      | Found a staircase to the Ecumenical Temple.
  3579 | Temple   | Entered the Ecumenical Temple
  3625 | Temple   | Became a worshipper of Warmaster Okawaru
  3919 | D:6      | Noticed Eustachio
  4059 | D:6      | Reached skill level 5 in Stealth
  4059 | D:6      | Reached XP level 7. HP: 34/36 MP: 12/12
  4078 | D:6      | Killed Eustachio
  4079 | D:6      | Reached skill level 5 in Dodging
  4393 | D:6      | Noticed Edmund
  4466 | D:6      | Killed Edmund
  4466 | D:6      | Reached * piety under Okawaru
  4467 | D:6      | Reached skill level 6 in Stealth
  4565 | D:6      | Reached XP level 8. HP: 40/40 MP: 14/14
  5088 | D:6      | Reached skill level 5 in Necromancy
  5208 | D:6      | Reached skill level 7 in Stealth
  5399 | D:7      | Noticed Maggie
  5423 | D:7      | Killed Maggie
  5423 | D:7      | Reached ** piety under Okawaru
  5424 | D:7      | Reached skill level 5 in Spellcasting
  5803 | D:7      | Reached XP level 9. HP: 45/45 MP: 17/17
  6041 | D:7      | Reached *** piety under Okawaru
  6042 | D:7      | Reached skill level 8 in Stealth
  6724 | D:7      | Found a white marble altar of Elyvilon.
  6965 | D:8      | Found a sparkling altar of Nemelex Xobeh.
  7265 | D:8      | Reached skill level 9 in Stealth
  7338 | D:8      | Reached skill level 5 in Fighting
  7355 | D:8      | Reached **** piety under Okawaru
  7648 | D:8      | Found the +7 staff of the Meek {protect, meekguard}
  7908 | D:8      | Reached XP level 10. HP: 45/51 MP: 21/21
  8140 | D:9      | Found an ancient bone altar of Kikubaaqudgha.
  8143 | D:9      | Identified the amulet of Yrazoxe {Spirit *Slow rN+ Int+5
                  | Stlth+}
  8740 | D:9      | Noticed a cyclops
  8764 | D:9      | Killed a cyclops
  8764 | D:9      | Reached ***** piety under Okawaru
  8820 | D:9      | Reached skill level 10 in Stealth
  8979 | D:9      | Found a staircase to the Orcish Mines.
  9177 | D:9      | Identified the +1 pair of boots of Qazlal's Approval {-Cast
                  | +Blink Fly Regen+}
  9456 | D:9      | Found a glowing golden altar of the Shining One.
  9517 | D:10     | Entered Level 10 of the Dungeon
  9621 | D:10     | Identified the +0 buckler of Icaitopu {+Blink Dex+5}
                  | (Okawaru gifted it to you on level 10 of the Dungeon)
  9621 | D:10     | Received a gift from Okawaru
  9709 | D:10     | Noticed a two-headed ogre
  9747 | D:10     | Killed a two-headed ogre
  9792 | D:10     | Noticed a two-headed ogre
  9812 | D:10     | Killed a two-headed ogre
  9813 | D:10     | Reached skill level 11 in Stealth
  9813 | D:10     | Reached XP level 11. HP: 56/56 MP: 22/24
 10533 | D:11     | Got the Catalogue of Cold
 10555 | D:11     | Found a staircase to the Lair.
 10676 | D:11     | Noticed a boulder beetle
 10747 | D:11     | Killed a boulder beetle
 10748 | D:11     | Reached skill level 10 in Dodging
 10778 | D:11     | Found a portal to a secret trove of treasure.
 11104 | D:11     | Noticed a boulder beetle
 11126 | D:11     | Killed a boulder beetle
 11284 | D:11     | Noticed Nergalle
 11692 | D:11     | Found Notzoick's Assorted Antiques.
 11701 | D:11     | Bought a bubbling grey potion for 27 gold pieces
 11701 | D:11     | Bought a bubbling grey potion for 27 gold pieces
 11701 | D:11     | Bought a potion of curing for 90 gold pieces
 11996 | D:12     | Found Gaclimy's Assorted Antiques.
 12089 | D:12     | Reached skill level 12 in Stealth
 12114 | D:12     | Noticed a six-headed hydra
 12301 | D:12     | Killed a six-headed hydra
 12301 | D:12     | Received a gift from Okawaru
 12302 | D:12     | Reached skill level 10 in Necromancy
 12384 | D:12     | Reached ****** piety under Okawaru
 12759 | D:12     | Noticed a red ugly thing
 12765 | D:12     | Killed a red ugly thing
 12766 | D:12     | Reached XP level 12. HP: 62/62 MP: 26/26
 12885 | D:13     | Noticed a rakshasa
 12925 | D:13     | Collided with a rock wall

Illustrated notes

Levels and vault maps discovered:
D:1:      dpeg_arrival_long_road, layout_loops_cross, hex_tiny
D:2:      minmay_evil_eye, layout_basic, basic_altar, minmay_ruptured,
          uniq_terence
D:3:      layout_loops_ring, minmay_surrounded, uniq_jessica
D:4:      layout_cave_pools, mainiacjoe_overflow_brackets,
          mainiacjoe_overflow_24_doors, mainiacjoe_overflow_catwalk, minitemple
D:5:      layout_basic, eat_drink_and_be_merry_uskayaw, kennysheep_little_box,
          minmay_temple_entry_glassed_door, gammafunk_ghost_smash, minivault_25
D:6:      old_forge, layout_loops_corners, uniq_edmund, uniq_eustachio
D:7:      minmay_angry_zag, layout_loops_ring, mainiacjoe_overflow_alcove_2,
          uniq_maggie
D:8:      layout_basic, nemelex_diamond_rough_becter, pf_guarded_unrand_meek
D:9:      layout_basic, tso_altar, old_standard_altar, erik_orc_2
D:10:     hellmonk_crumbling_castle, layout_irregular_city
D:11:     layout_loops_ring, minmay_lair_entry_grove, enter_trove_0,
          serial_shops, shop, nzn_sisyphean_effort, uniq_nergalle
D:12:     layout_rooms, serial_shops, shop
D:13:     layout_basic
Temple:   jpeg_temple_clearing

Skill      XL: |  1  2  3  4  5  6  7  8  9 10 11 12 |
---------------+-------------------------------------+-----
Stealth        | 2 3 4 5 6 7 9 11 12 | 12.7
Dodging        | 3 4 5 6 8 9 10 | 10.9
Fighting       | 2 3 4 5 6 7 |  7.0
Spellcasting   | 1 2 3 5 6 8 9 |  9.6
Necromancy     | 1 2 3 4 6 7 9 10 | 10.4
Ranged Weapons | 5 6 7 8 9 |  9.2

Action                     |  1- 3 |  4- 6 |  7- 9 | 10-12 || total
---------------------------+-------+-------+-------+-------++-------
  Melee: Dagger            |       |       |     7 |   117 ||   124
   Fire: Shortbow          |    94 |   221 |   419 |   583 ||  1317
         Hand crossbow     |       |       |       |    52 ||    52
    Use: Scroll            |     2 |    10 |     6 |     8 ||    26
         Potion            |       |       |       |     1 ||     1
 Armour: Robe              |     8 |     5 |     7 |       ||    20
         Steam dragon scal |       |       |    16 |    60 ||    76
  Dodge: Dodged            |    55 |    72 |   195 |   495 ||   817
  Block: Buckler           |       |       |       |    18 ||    18
